 Dungeon Sprint DCSS version 0.31-a0-986-g5e6e4ef867 (webtiles) character file.

Game seed: 10093395105941593383

1283 rocky1 the Martial Artist (level 8, -6/81 HPs)
             Began as an Octopode Shapeshifter on Nov 17, 2023.
             Was an Initiate of Gozag.
             Mangled by a gargoyle
             ... wielding a +2 heavy mace
              (16 damage)
             ... in the Dungeon (Sprint IX: "|||||||||||||||||||||||||||||").
             The game lasted 00:01:09 (238 turns).

rocky1 the Martial Artist (Octopode Shapeshifter)    Turns: 238, Time: 00:01:09

Health: -6/81      AC:  5    Str: 13    XL:     8   Next: 54%
Magic:  8/8        EV: 16    Int: 13    God:    Gozag
Gold:   0          SH:  0    Dex: 13    Spells: 7/7 levels left

rFire   . .          .
                       - Unarmed
rCold   . . .        (shield currently unavailable)
rNeg    . . .        (helmet restricted)
rPois   .            (no amulet)
rElec   .            m - +2 ring of protection
rCorr   .            n - +2 ring of protection
SInv    .            (no ring)
Will    .....        (no ring) Stlth
                     (no ring)
HPRegen 0.33/turn    (no ring)
MPRegen 0.11/turn    (no ring)
                     (no ring)

%: no teleportation
@: berserking (expiring), flux-form, gold aura, glowing, very quick
A: glow, contaminating, almost no armour, amphibious, 8 rings, camouflage 1,
gelatinous body 1, (nimble swimmer 1), tentacles
a: Begin Untransformation, Renounce Religion, Potion Petition, Call Merchant,
Bribe Branch


You were in the Dungeon.
You worshipped Gozag.
Gozag was noncommittal.
You were something dangerously unstable.
You visited 1 branch

Inventory:

Jewellery
 m - a +2 ring of protection (left tentacle)
 n - a +2 ring of protection (right tentacle)
Talismans
 b - a beast talisman
 c - a flux talisman (active)
Wands
 l - a wand of roots (10)
Scrolls
 i - 2 scrolls of blinking
 k - 2 scrolls of amnesia
Potions
 d - 4 potions of curing
 f - a potion of haste
 g - 4 potions of magic
 j - a potion of invisibility


   Skills:
 + Level 4.2 Fighting
 + Level 7.4 Dodging
 + Level 4.2 Stealth
 + Level 12.5 Unarmed Combat
 + Level 10.4 Shapeshifting


You had 7 spell levels left.
You didn't know any spells.
Your spell library was empty.

Dungeon Overview and Level Annotations

Branches:
Dungeon (1/1)

Altars:
Cheibriados
Dithmenos
Elyvilon
Fedhas
Gozag
Hepliaklqana
Kikubaaqudgha
Makhleb
Nemelex Xobeh
Okawaru
Qazlal
Ru
Sif Muna
Trog
Uskayaw
Vehumet
Wu Jian
Xom
Yredelemnul
Zin
The Shining One
Jiyva
Lugonu


Innate Abilities, Weirdness & Mutations

You are something dangerously unstable.
You glow with magical radiation, making you easy to see and hit.
Foes you strike become dangerously contaminated with magical radiation.
You are incapable of wielding weapons or throwing items.
You cannot wear most types of armour.
You are amphibious.
You can wear up to eight rings at the same time.
Your skin changes colour to match your surroundings (Stealth+).
Your rubbery body absorbs attacks. (AC +1, EV +1)
((You are camouflaged when in or above water. (Stealth+)))
You have tentacles for arms and can constrict up to eight enemies at once.


Message History

The troll bites you.
* * * LOW HITPOINT WARNING * * *
The troll claws you but does no damage. The troll claws you.
* * * LOW HITPOINT WARNING * * *
Unknown command.
You feel better. The troll bites you but does no damage.
The troll claws you but does no damage. x2
A red film seems to cover your vision as you go berserk!
You feel yourself moving faster!
You feel mighty!
The wraith is no longer distracted by gold.
The troll bites you!
* * * LOW HITPOINT WARNING * * *
The troll claws you but does no damage. x2
You smack the troll!
You kill the troll!
Your Fighting skill increases to level 4!
Your Dodging skill increases to level 7!
Your Stealth skill increases to level 4!
Your Unarmed Combat skill increases to level 12!
Your Shapeshifting skill increases to level 10!
Unknown command.
You pummel the wraith!!
The wraith is severely damaged.
The wraith hits you but does no damage.
You closely miss the wraith.
The wraith is severely damaged.
You closely miss the wraith.
The wraith is severely damaged.
The wraith hits you but does no damage.
You barely miss the wraith.
The wraith is severely damaged.
You smack the wraith!
You destroy the wraith!
You feel less wooden.
You turn into something dangerously unstable.
The gargoyle hurls a stone arrow at you.
The stone arrow misses you.
The gargoyle hits you with a +2 heavy mace!
You die...
Your body crumbles into a pile of gold.

▓.▓
▓)▓
▓.▓
▓[▓
▓[▓
▓[▓
▓.▓
▓.▓
▓p▓
▓9▓
▓.▓
▓.▓
▓.▓
▓.▓
▓.▓
▓+▓


You could see a gargoyle.

Vanquished Creatures
  A two-headed ogre (D)
  2 trolls (D)
  A wraith (D)
  A wight (D)
  2 iguanas (D)
  A dart slug (D)
  2 orcs (D)
  3 giant cockroaches (D)
  A goblin (D)
  A quokka (D)
15 creatures vanquished.

Notes
Turn   | Place    | Note
-------+----------+-------------------------------------------
     0 | D        | rocky1 the Octopode Shapeshifter began the quest for the
                  | Orb.
     0 | D        | Reached XP level 1. HP: 13/13 MP: 1/1
    16 | D        | Reached XP level 2. HP: 17/18 MP: 2/2
    29 | D        | Reached skill level 4 in Unarmed Combat
    37 | D        | Reached skill level 1 in Stealth
    37 | D        | Reached skill level 5 in Unarmed Combat
    37 | D        | Reached skill level 5 in Shapeshifting
    37 | D        | Reached XP level 3. HP: 23/23 MP: 3/3
    40 | D        | Reached XP level 4. HP: 27/28 MP: 4/4
   144 | D        | Found a snail-covered altar of Cheibriados.
   144 | D        | Found a shadowy altar of Dithmenos.
   144 | D        | Found a white marble altar of Elyvilon.
   144 | D        | Found a blossoming altar of Fedhas.
   144 | D        | Found an opulent altar of Gozag.
   145 | D        | Found a hazy altar of Hepliaklqana.
   146 | D        | Found a viscous altar of Jiyva.
   147 | D        | Found an ancient bone altar of Kikubaaqudgha.
   148 | D        | Found a corrupted altar of Lugonu.
   149 | D        | Found a burning altar of Makhleb.
   150 | D        | Found a sparkling altar of Nemelex Xobeh.
   151 | D        | Found an iron altar of Okawaru.
   152 | D        | Became a worshipper of Gozag Ym Sagoz the Greedy
   153 | D        | Found a stormy altar of Qazlal.
   154 | D        | Found a sacrificial altar of Ru.
   155 | D        | Found a shimmering blue altar of Sif Muna.
   156 | D        | Found a bloodstained altar of Trog.
   157 | D        | Found a hide-covered altar of Uskayaw.
   158 | D        | Found a radiant altar of Vehumet.
   159 | D        | Found an ornate altar of the Wu Jian Council.
   160 | D        | Found a shimmering altar of Xom.
   161 | D        | Found a basalt altar of Yredelemnul.
   162 | D        | Found a glowing silver altar of Zin.
   163 | D        | Found a glowing golden altar of the Shining One.
   194 | D        | Noticed a troll
   194 | D        | Noticed a two-headed ogre
   194 | D        | Noticed a troll
   194 | D        | Noticed a wraith
   194 | D        | Noticed a gargoyle
   199 | D        | Reached skill level 6 in Unarmed Combat
   199 | D        | Reached XP level 5. HP: 14/34 MP: 5/5
   213 | D        | Killed a troll
   214 | D        | Reached skill level 5 in Dodging
   214 | D        | Reached skill level 9 in Unarmed Combat
   214 | D        | Reached XP level 6. HP: 17/41 MP: 6/6
   221 | D        | HP: 2/61 [two-headed ogre/+0 giant club (16)]
   222 | D        | Killed a two-headed ogre
   223 | D        | Reached skill level 11 in Unarmed Combat
   223 | D        | Reached XP level 7. HP: 3/47 MP: 7/7
   223 | D        | Reached XP level 8. HP: 3/54 MP: 8/8
   231 | D        | Killed a troll
   232 | D        | Reached skill level 12 in Unarmed Combat
   232 | D        | Reached skill level 10 in Shapeshifting
   237 | D        | Killed a wraith
   238 | D        | Mangled by a gargoyle

Illustrated notes

Levels and vault maps discovered:
D:        linesprint [early_d, line_temple, items_1, d_10, items_2, lair_1,
          lair_end, items_3, orc_1, orc_end, items_4, d_15, swamp_1, shoals_1,
          snake_1, spider_1, d_20, vaults_1, items_5, swamp_end, shoals_end,
          snake_end, spider_end, vaults_end, d_27, items_6, zot_1, zot_end,
          crypt_end, forest_end, elf_end, slime_end, tomb_end, abyss_end,
          pan_hell_end]

Skill      XL: |  1  2  3  4  5  6  7  8 |
---------------+-------------------------+-----
Shapeshifting  | 5 6 8 9 10 | 10.4
Unarmed Combat | 5 6 9 11 12 | 12.5
Stealth        | 1 2 3 4 |  4.2
Dodging        | 3 5 6 7 |  7.4
Fighting       | 2 3 4 |  4.2

Action                     |  1- 3 |  4- 6 |  7- 9 || total
---------------------------+-------+-------+-------++-------
  Melee: Unarmed           |    23 |    25 |    11 ||    59
         Constrict         |     6 |     1 |       ||     7
         Tentacles         |     4 |     1 |       ||     5
         Punch             |       |     1 |       ||     1
    Use: Potion            |       |     3 |     3 ||     6
   Stab: Sleeping          |     1 |       |       ||     1
 Armour: Skin              |     4 |    42 |    24 ||    70
  Dodge: Dodged            |    11 |     4 |     1 ||    16
   Form: Flux              |       |     1 |       ||     1

Table legend: (Time is in decaauts)
 A = Elapsed time spent in this place.
 B = Non-inter-level travel time spent in this place.
 C = Inter-level travel time spent in this place.
 D = Time resting spent in this place.
 E = Time spent auto-exploring this place.
 F = Levels seen in this place.
 G = Mean time per level.
                   A        B        C        D        E       F      G
               +--------+--------+--------+--------+--------+-----+--------+
         Total |    228 |    228 |      0 |    104 |      0 |   1 |  228.0 |
       Dungeon |    228 |    228 |      0 |    104 |      0 |   1 |  228.0 |
               +--------+--------+--------+--------+--------+-----+--------+

Top non-repeatable levels by time:
       D: 228 daAuts
